Map: Ever Dream LE

Players

Vanya - Winner!

  • Race: Zerg Zerg
  • League: Grandmaster
  • Spawn Location: 7:00

goblin

  • Race: Protoss Protoss
  • League: Master
  • Spawn Location: 1:00

Event: DreamHack SC2 Masters 2020 Summer Europe

VOD

Have the link to the VOD?

Description

Time

  • Played on: June 25, 2020, 12:05 p.m.
  • Length: 4:37

All games in this series

Show
View Real Time Build Order
Export as new Build Order

Vanya Zerg - Winner!

Build Orders: Hatch First 

Get SALT Encoding   

  12  0:01  Drone  
  13  0:12  Overlord  
  13  0:16  Drone  
  14  0:31  Drone x2  
  16  0:51  Hatchery, Drone  
  16  0:54  Drone  
  17  0:58  Drone  
  18  1:08  Extractor  
  17  1:12  Spawning Pool  
  17  1:15  Drone  
  17  1:20  Drone  
  18  1:28  Drone  
  19  1:39  Drone  
  20  1:50  Drone  
  21  2:02  Queen  
  21  2:03  Queen  
  21  2:04  Drone  
  21  2:08  Zergling x2  
  27  2:10  Unknown  
  27  2:12  Overlord  
  26  2:20  Zergling x2  
  26  2:22  Zergling x2  
  28  2:29  Roach Warren  
  27  2:31  Metabolic Boost  
  27  2:37  Drone  
  27  2:39  Overlord  
  30  3:00  Overlord  
  30  3:02  Spore Crawler  
  29  3:11  Roach x2  
  29  3:12  Roach x2  
  37  3:14  Roach x3  
  41  3:22  Roach x2  
  41  3:26  Roach  
  47  3:35  Overlord  
  47  3:41  Ravager x2  
  49  3:42  Zergling x4  
  51  3:55  Zergling x8  
  55  4:09  Ravager  
  54  4:11  Ravager  
  54  4:12  Zergling x6  
  57  4:18  Zergling x4  
Show
View Real Time Build Order
Export as new Build Order

goblin Protoss 

Build Orders: 1 Gate Expand 

Get SALT Encoding   

  12  0:00  Probe  
  13  0:12  Probe  
  14  0:18  Pylon  
  14  0:24  Probe  
  15  0:32  Probe  
  15  0:38  Gateway  
  15  0:40  Probe  
  16  0:46  Assimilator  
  17  0:50  Probe  
  18  1:03  Probe  
  19  1:15  Probe  
  20  1:25  Cybernetics Core  
  20  1:35  Nexus  
  20  1:39  Probe  
  21  1:43  Pylon  
  21  1:48  Assimilator  
  21  1:52  Adept, Probe  
  22  2:04  Probe  
  25  2:15  Warp Gate  
  25  2:16  Probe  
  25  2:20  Twilight Council  
  26  2:29  Stalker, Probe  
  29  2:40  Probe  
  30  2:45  Probe  
  30  2:48  Probe  
  31  2:53  Probe  
  31  2:56  Probe  
  33  3:03  Probe  
  34  3:08  Probe  
  36  3:13  Probe  
  36  3:18  Gateway  
  37  3:20  Probe  
  37  3:21  Robotics Facility  
  37  3:22  Probe  
  39  3:30  Probe  
  39  3:32  Probe  
  41  3:41  Gateway x2  
  41  3:44  Gateway, Probe  
  42  3:49  Gateway  
  42  3:57  Probe x2, Pylon  
  44  4:02  Sentry  
  44  4:03  Shield Battery  
  44  4:08  Pylon  
  44  4:21  Pylon  
Tags
 
Add a new tag
Caveats
  • Supply blocks, unpowered buildings, or Contaminate may cause inaccurate times.
  • Supply counts are checked every 10 seconds.